Map: Disco Bloodbath LE

Players

ClouD

  • Race: Zerg Zerg
  • Spawn Location: 9:00

pHARM - Winner!

  • Race: Zerg Zerg
  • League: Platinum
  • Spawn Location: 3:00

VOD

Have the link to the VOD?

Description

Time

  • Played on: Aug. 24, 2019, 8:46 p.m.
  • Length: 12:47
Show
View Real Time Build Order
Export as new Build Order

ClouD Zerg 

Build Orders: Hatch First 

Get SALT Encoding   

  12  0:00  Drone  
  13  0:08  Drone  
  14  0:16  Overlord  
  14  0:34  Drone x2  
  14  0:35  Drone  
  17  0:53  Hatchery  
  17  0:55  Drone  
  17  1:12  Drone, Spawning Pool  
  17  1:17  Extractor  
  17  1:18  Drone  
  17  1:21  Drone  
  18  1:31  Drone  
  19  1:41  Drone  
  20  1:52  Drone  
  21  2:02  Overlord  
  21  2:04  Queen  
  21  2:05  Queen  
  21  2:07  Drone  
  26  2:15  Drone  
  26  2:21  Metabolic Boost  
  27  2:23  Zergling x4  
  29  2:31  Zergling x2  
  29  2:36  Overlord  
  30  2:50  Drone x3  
  33  2:57  Extractor  
  33  2:58  Zergling x2  
  34  3:05  Zergling x4  
  35  3:16  Drone x3  
  35  3:17  Zergling x2  
  39  3:22  Drone  
  39  3:24  Lair  
  40  3:43  Zergling x4  
  40  3:44  Zergling x4  
  44  4:01  Zergling x2  
  43  4:03  Zergling x2  
  43  4:12  Zergling x4  
  42  4:24  Overlord x2  
  42  4:31  Spire  
  42  4:32  Drone x2  
  42  4:36  Extractor  
  41  4:47  Drone x5  
  41  4:51  Hydralisk Den  
  45  5:12  Drone x3  
  45  5:13  Drone  
  49  5:17  Drone x4  
  49  5:18  Drone  
  54  5:30  Hydralisk x2  
  58  5:39  Overseer  
  58  5:40  Overseer  
  58  5:46  Mutalisk  
  58  5:48  Overlord  
  60  5:56  Extractor  
  59  5:59  Evolution Chamber  
  58  6:09  Hydralisk x5  
  68  6:13  Overlord x3  
  68  6:35  Grooved Spines, Hydralisk  
  68  6:36  Hydralisk x6  
  82  6:53  Pneumatized Carapace  
  82  6:59  Hydralisk  
  82  7:00  Hydralisk x2  
  88  7:02  Overlord x2  
  88  7:21  Hatchery  
  87  7:24  Hydralisk  
  87  7:25  Hydralisk x3  
  87  7:26  Zergling x2  
  87  7:27  Zergling x12  
  102  7:34  Zerg Melee Weapons Level 1  
  94  8:04  Hydralisk x3  
  100  8:10  Overlord x2  
  100  8:36  Hydralisk  
  100  8:37  Hydralisk x5  
  105  8:48  Hydralisk  
  105  8:49  Hydralisk x5  
  77  8:59  Overlord, Roach Warren  
  77  9:00  Overlord x2  
  74  9:15  Spine Crawler  
  67  9:27  Spine Crawler  
  67  9:30  Hydralisk x2  
  67  9:31  Hydralisk x5  
  78  9:46  Roach  
  78  9:47  Roach x3  
  86  9:59  Roach  
  90  10:00  Roach  
  90  10:12  Roach x3  
  97  10:14  Zergling x2  
  97  10:45  Roach  
  97  10:46  Roach x4  
  107  10:55  Hatchery  
  106  11:00  Hydralisk x3  
  112  11:05  Drone x2  
  112  11:06  Drone  
  115  11:23  Muscular Augments  
  115  11:26  Overlord x3  
  115  11:37  Drone  
  116  11:51  Hydralisk  
  116  11:52  Hydralisk  
  120  11:56  Roach  
  120  11:57  Hatchery, Roach  
  120  11:59  Drone  
  120  12:01  Drone  
  125  12:08  Drone  
  125  12:09  Drone x3  
Show
View Real Time Build Order
Export as new Build Order

pHARM Zerg - Winner!

Build Orders: Hatch First 

Get SALT Encoding   

  12  0:01  Drone  
  13  0:13  Overlord  
  13  0:20  Drone  
  14  0:31  Drone x2  
  16  0:37  Drone  
  17  0:53  Hatchery  
  16  1:02  Drone x2  
  18  1:12  Drone  
  18  1:17  Spawning Pool  
  18  1:20  Drone  
  19  1:33  Drone  
  19  1:39  Extractor  
  19  1:40  Drone  
  20  2:02  Overlord  
  20  2:06  Queen x2  
  20  2:08  Drone x2  
  26  2:19  Drone x2  
  28  2:23  Drone  
  30  2:30  Drone  
  30  2:35  Drone  
  31  2:40  Drone  
  31  2:44  Lair  
  32  2:45  Queen  
  32  2:47  Drone  
  35  2:51  Drone  
  35  2:56  Overlord  
  36  3:14  Drone x2  
  36  3:17  Drone x2  
  36  3:19  Drone  
  42  3:20  Drone x2  
  43  3:31  Evolution Chamber  
  43  3:33  Evolution Chamber  
  41  3:38  Drone x3  
  44  3:41  Roach Warren  
  44  3:42  Overlord x2  
  43  3:48  Zergling x2  
  43  3:54  Pneumatized Carapace  
  43  3:55  Spine Crawler  
  43  3:58  Zerg Missile Weapons Level 1  
  43  3:59  Zergling x2  
  43  4:00  Zergling x14  
  45  4:18  Queen  
  45  4:22  Roach x3  
  53  4:36  Overlord x2, Queen  
  55  4:40  Extractor  
  55  4:41  Extractor  
  53  4:51  Drone x3  
  56  5:17  Drone  
  56  5:18  Drone x6  
  63  5:29  Glial Reconstitution  
  63  5:32  Zerg Ground Armor Level 1  
  63  5:50  Hatchery  
  62  6:01  Roach x3  
  62  6:02  Roach x4  
  76  6:05  Overlord x5  
  76  6:12  Zerg Missile Weapons Level 2  
  76  6:16  Overlord  
  76  6:17  Overlord  
  76  6:25  Extractor  
  75  6:28  Hatchery  
  75  6:31  Hydralisk Den  
  73  6:32  Spore Crawler  
  73  6:38  Spore Crawler x2  
  73  6:39  Spore Crawler  
  69  6:41  Queen x2  
  69  6:42  Spore Crawler  
  72  6:58  Drone x4  
  76  7:04  Drone  
  76  7:05  Drone x5  
  82  7:08  Grooved Spines  
  82  7:09  Hydralisk  
  82  7:10  Hydralisk x2  
  88  7:16  Queen  
  90  7:33  Hydralisk  
  90  7:34  Hydralisk x5  
  103  8:12  Roach  
  103  8:13  Roach x12, Baneling Nest  
  103  8:19  Muscular Augments  
  126  8:23  Infestation Pit  
  125  8:28  Drone  
  125  8:29  Drone  
  125  8:30  Overlord x3  
  123  8:54  Roach x9  
  132  9:02  Hive  
  132  9:07  Zerg Ground Armor Level 2  
  132  9:10  Drone  
  132  9:11  Drone  
  132  9:39  Drone  
  132  9:40  Drone x11  
  144  9:47  Overlord  
  144  9:48  Overlord x3  
  144  10:02  Overseer x3, Extractor  
  144  10:03  Extractor  
  142  10:07  Hatchery  
  142  10:10  Drone x2  
  142  10:11  Drone x4  
  145  10:42  Roach x6  
  165  10:43  Roach x9  
  175  10:51  Overlord x3  
  175  11:18  Hydralisk x7  
  175  11:20  Overlord  
  175  11:21  Overlord x3  
  189  11:51  Hydralisk x5  
  199  11:54  Drone  
  200  12:21  Hatchery  
Tags
 
League
Platinum
Matchup
ZvZ
Race
Zerg
Replay Pack
10.7.19
Spawn Locations
Cross Positions
Add a new tag
Caveats
  • Supply blocks, unpowered buildings, or Contaminate may cause inaccurate times.
  • Supply counts are checked every 10 seconds.